cohdb
Replays
Latest Replays
All Replays
Popular Replays
Top Player Replays
Match Explorer
How It Works
Community
CoH3 Stats
Reddit
Sign in to upload your games and track your stats! →
Sign in with Steam
Match 46160376
Unlisted
Match 46160376
Overview
Messages
Build Orders
End
Engineer Squad
Engineer Squad
Selects Armored Battlegroup
Selects Assault Engineers
Construct Weapon Support Center
Bazooka Squad
Bazooka Squad
Infantry Support Center
Construct Medical Station
Assault Engineer Squad
Selects Fast Deploy
Mechfruit
pyromaniac
Enceladus
TeamSpeakUser
LITTLE TRICKSTER
Da Cracka Whacka
0
0
Comments
sign in to comment!
No comments posted yet!